AoeStats
← ScruffyMcDuff

Arabia

503950464Analyzed
1v1 RM · 1mo ago on Sep 3, 2026· 42m 49s· 2 players
Game mode
Random Map
Map size
Tiny (2 player)
Population
200
Speed
Normal
Resources
Standard
Victory
Conquest
Starting age
Dark Age
Ending age
Imperial Age
RankedLock teamsTeams togetherTeam positionsShared explorationLock speedFull tech treeHidden civsTurbo modeCheats
Victory
Defeat
🇨🇴 Lithuanians · Colombia
1184
+15
🇨🇦 Burgundians · Canada
1161
-15
ScruffyMcDuff
5:44 Double-Bit Axe
7:18 Loom
9:30 Feudal Age
15:35 Arson
16:42 Scale Barding Armor
17:05 Horse Collar
19:15 Forging
23:50 Castle Age
22:10 Scale Mail Armor
24:34 Husbandry
24:25 Light Cavalry
25:52 Squires
26:18 Gold Mining
27:29 Pikeman
30:12 Iron Casting
30:15 Bow Saw
30:41 Heavy Plow
32:52 Cavalier
42:59 Chain Mail Armor
mend2atipob
5:50 Loom
8:56 Feudal Age
18:29 Castle Age
16:51 Fletching
17:02 Double-Bit Axe
18:40 Padded Archer Armor
18:36 Crossbowman
23:33 Wheelbarrow
26:02 Scale Barding Armor
25:53 Bodkin Arrow
26:13 Leather Archer Armor
28:08 Pikeman
29:32 Bloodlines
29:23 Husbandry
29:19 Town Watch
30:04 Forging
30:41 Leather Archer Armor
32:17 Thumb Ring
34:21 Bow Saw
35:05 Hand Cart
36:36 Chain Barding Armor
39:50 Imperial Age
37:28 Scale Mail Armor
38:30 Squires
38:15 Arson
39:42 Chain Mail Armor
40:43 Bracer
41:13 Ring Archer Armor
41:09 Halberdier
41:49 Cavalier
43:21 Ballistics
44:01 Chemistry
Connection lost

Rejoining the realm…

Still unreachable

The connection could not be restored.

Session expired

The server has moved on; the page needs a fresh start.